Map: Lerilakgipfel

Players

NoN - Winner!

  • Race: Zerg Zerg
  • League: Diamond

twnt

  • Race: Zerg Zerg
  • League: Gold

Event: Gauntlet LotV Series 1 Qualifier 2

VOD

Have the link to the VOD?

Description

Time

  • Played on: Dec. 5, 2015, 1:32 p.m.
  • Length: 5:44

All games in this series

Show
View Real Time Build Order
Export as new Build Order

NoN Zerg - Winner!

Build Orders: Pool First 

Get SALT Encoding   

  12  0:01  Drone  
  13  0:12  Overlord  
  13  0:17  Drone  
  14  0:30  Drone  
  14  0:31  Drone  
  16  0:36  Drone  
  17  0:48  Spawning Pool  
  17  0:49  Drone  
  17  0:54  Extractor  
  17  0:56  Drone  
  17  1:16  Hatchery  
  16  1:19  Drone  
  17  1:34  Queen  
  17  1:35  Zergling x2  
  20  1:42  Overlord  
  20  1:47  Drone  
  20  1:52  Drone  
  22  1:57  Metabolic Boost  
  22  2:10  Queen  
  22  2:13  Drone  
  22  2:14  Drone  
  26  2:22  Drone  
  27  2:29  Drone  
  28  2:36  Drone  
  29  2:44  Drone x2  
  31  2:49  Roach Warren  
  30  2:51  Drone x2  
  30  2:52  Drone x2  
  34  2:59  Extractor  
  34  3:02  Overlord  
  33  3:12  Drone  
  34  3:17  Drone  
  35  3:23  Overlord x2  
  35  3:32  Roach x4  
  43  3:36  Overlord  
  42  3:48  Roach  
  44  3:49  Roach x4  
  52  3:56  Zergling x4  
  52  3:58  Ravager x2  
  56  4:03  Zergling x6  
  56  4:04  Zergling x2  
  56  4:07  Ravager  
  61  4:13  Zergling x4  
  63  4:17  Ravager  
  63  4:19  Overlord  
  64  4:28  Overlord  
  64  4:32  Zergling x8  
  64  4:38  Zergling x6  
  71  4:42  Overlord  
  61  5:08  Zergling x18  
  70  5:16  Overlord  
Show
View Real Time Build Order
Export as new Build Order

twnt Zerg 

Build Orders: Pool First 

Get SALT Encoding   

  12  0:01  Drone  
  13  0:08  Drone  
  14  0:16  Overlord  
  14  0:35  Drone x3  
  17  0:46  Drone  
  18  0:51  Spawning Pool  
  17  0:58  Drone  
  18  1:14  Hatchery  
  18  1:15  Drone  
  18  1:19  Extractor  
  18  1:21  Drone  
  18  1:33  Drone  
  18  1:39  Queen  
  21  1:40  Drone  
  22  1:52  Overlord  
  22  2:13  Drone  
  22  2:14  Drone  
  24  2:16  Extractor  
  23  2:29  Metabolic Boost  
  23  2:32  Drone  
  24  2:45  Zergling x2  
  24  3:00  Zergling x2  
  24  3:01  Zergling x10  
  24  3:04  Drone x2  
  32  3:22  Lair  
  32  3:24  Zergling x4  
  34  3:31  Baneling Nest  
  34  3:32  Hatchery  
  32  3:35  Overlord x2  
  32  3:53  Drone  
  32  3:54  Drone  
  34  3:59  Zergling x10  
  39  4:03  Drone  
  39  4:09  Overlord  
  40  4:12  Drone  
  41  4:18  Baneling x4  
  41  4:19  Baneling  
  41  4:22  Drone  
  42  4:28  Zergling x2  
  42  4:29  Zergling x2  
  42  4:30  Zergling x2  
  45  4:36  Zergling x4  
  47  4:43  Drone x2  
  49  4:47  Drone  
  41  5:04  Zergling x2  
  41  5:05  Zergling x8  
  38  5:08  Zergling x4  
  38  5:10  Zergling x4  
  41  5:16  Zergling x2  
  42  5:25  Zergling x2  
Tags
 
Add a new tag
Caveats
  • Supply blocks, unpowered buildings, or Contaminate may cause inaccurate times.
  • Supply counts are checked every 10 seconds.